[Event "January 2 Early 2024"]
[Site "https://www.chess.com"]
[Date "2024.01.02"]
[Round "5"]
[White "Devaev, Alexander"]
[Black "th3d4rkness"]
[Result "1-0"]
[Board "130"]
[TimeControl "180+1"]
[WhiteFideId "4169395"]
[WhiteElo "2511"]
[BlackElo "2146"]
[WhiteTeam "RUS"]
[WhiteClock "0:01:15"]
[BlackClock "0:00:05"]

1. d4 Nf6 2. Nf3 g6 3. c4 Bg7 4. Nc3 d5 5. Bg5 Ne4 6. cxd5 Nxg5 7. Nxg5 e6 8. Nf3 exd5 9. e3 O-O 10. b4 a6 11. Be2 c6 12. O-O Nd7 13. a4 Nf6 14. Qb3 Ne4 15. Nxe4 dxe4 16. Nd2 Be6 17. Bc4 Bxc4 18. Qxc4 Qd5 19. Rfc1 f5 20. g3 Qxc4 21. Nxc4 Rad8 22. Rab1 Rfe8 23. b5 axb5 24. axb5 Re6 25. Na5 cxb5 26. Rxb5 b6 27. Rc6 Rxc6 28. Nxc6 Rd6 29. Rxb6 Bf8 30. Ra6 h5 31. h4 Kf7 32. Ne5+ Kf6 33. Ra8 Be7 34. Rg8 Bd8 35. Rxg6+ Ke7 36. Rxd6 Kxd6 37. Nf7+ 1-0

[Event "January 2 Early 2024"]
[Site "https://www.chess.com"]
[Date "2024.01.02"]
[Round "5"]
[White "Lopusiewicz, Piotr"]
[Black "Z_Chess6"]
[Result "0-1"]
[Board "131"]
[TimeControl "180+1"]
[WhiteFideId "1116029"]
[WhiteElo "2505"]
[BlackElo "2115"]
[WhiteTeam "POL"]
[WhiteClock "0:00:00"]
[BlackClock "0:00:05"]

1. d4 d5 2. c4 e6 3. Nf3 Nf6 4. Nc3 Be7 5. g3 O-O 6. Bg2 dxc4 7. Ne5 c5 8. dxc5 Qxd1+ 9. Nxd1 Bxc5 10. Be3 Bxe3 11. Nxe3 Nc6 12. Nxc6 bxc6 13. Bxc6 Rb8 14. Nxc4 Ba6 15. b3 Rfc8 16. Na5 Rb6 17. Bf3 Rc5 18. Nc4 Bxc4 19. bxc4 Rxc4 20. O-O g5 21. Rfd1 g4 22. Bg2 Rb2 23. Bf1 Nd5 24. a4 Rcc2 25. Rd4 h5 26. Rad1 Nc3 27. Ra1 Nxe2+ 28. Bxe2 Rxe2 29. Rf1 Ra2 30. Rc4 Kg7 31. Rf4 Kg6 32. Rc4 f6 33. Rb4 Kf5 34. Rf4+ Kg5 35. Rc4 f5 36. Rb4 h4 37. gxh4+ Kxh4 38. Rf4 Kg5 39. Rc4 Ra3 40. Kg2 Rea2 41. Re1 Rxa4 42. Rc6 Ra6 43. Rc7 Rd6 44. Re7 Rdd2 45. R1xe6 Rxf2+ 46. Kg1 Rg2+ 47. Kf1 Rxh2 48. Kg1 Rag2+ 49. Kf1 Ra2 50. Kg1 Rhb2 51. Rf7 Rb1+ 0-1

[Event "January 2 Early 2024"]
[Site "https://www.chess.com"]
[Date "2024.01.02"]
[Round "5"]
[White "Quirke, Jeffrey"]
[Black "Estrada Nieto, Julian"]
[Result "1/2-1/2"]
[Board "132"]
[TimeControl "180+1"]
[WhiteFideId "2013029"]
[BlackFideId "5101018"]
[WhiteElo "2062"]
[BlackElo "2502"]
[WhiteTeam "USA"]
[BlackTeam "ESP"]
[WhiteClock "0:00:15"]
[BlackClock "0:00:29"]

1. e4 e5 2. Nf3 Nc6 3. d3 Nf6 4. c3 d5 5. Nbd2 Be7 6. Be2 O-O 7. O-O Re8 8. b4 a6 9. Bb2 Bf8 10. a3 Bg4 11. Re1 Qd7 12. Qc2 Rad8 13. h3 Bh5 14. Bf1 dxe4 15. dxe4 h6 16. Rad1 Qe7 17. g4 Bg6 18. Nh4 Bh7 19. Nf5 Bxf5 20. exf5 Nd5 21. Ne4 Nf4 22. Bc1 Qh4 23. Bxf4 exf4 24. Rxd8 Rxd8 25. Qc1 Ne5 26. Qxf4 Nd3 27. Bxd3 Rxd3 28. Re3 Rd1+ 29. Kg2 Be7 30. f6 Bxf6 31. Nxf6+ Qxf6 32. Qxf6 gxf6 33. Re7 Ra1 34. Rxc7 b5 35. c4 bxc4 36. Rxc4 Rxa3 37. Rc6 Kg7 38. h4 Rb3 39. Rxa6 Rxb4 40. f3 Rc4 41. Kg3 Rd4 42. h5 Rb4 43. Rc6 Rb1 44. Ra6 Rg1+ 45. Kf2 Rc1 46. Kg3 Rc3 47. Rb6 Ra3 48. Rc6 Rb3 49. Ra6 Rb7 50. Rc6 Re7 51. Rb6 Re5 52. Rc6 f5 53. Rb6 fxg4 54. fxg4 Rc5 55. Kh4 Rc4 56. Ra6 Rf4 57. Ra5 Rd4 58. Rb5 Rc4 59. Ra5 Rb4 60. Rc5 Rd4 61. Ra5 Re4 62. Rc5 Rf4 63. Rb5 Kf8 64. Rb6 Kg7 65. Rb5 Kf8 66. Rb6 Kg7 67. Rb5 1/2-1/2

[Event "January 2 Early 2024"]
[Site "https://www.chess.com"]
[Date "2024.01.02"]
[Round "5"]
[White "Srdanovic, Jovana"]
[Black "VictMin"]
[Result "1-0"]
[Board "133"]
[TimeControl "180+1"]
[WhiteFideId "954810"]
[WhiteElo "2502"]
[BlackElo "2036"]
[WhiteTeam "SRB"]
[WhiteClock "0:02:17"]
[BlackClock "0:00:29"]

1. d4 d5 2. c4 e6 3. Nc3 Nf6 4. Bg5 Nbd7 5. e3 c6 6. Nf3 Qa5 7. Nd2 Bb4 8. Qc2 Ne4 9. Ndxe4 dxe4 10. Bf4 O-O 11. Be2 e5 12. dxe5 Nxe5 13. Rc1 Bf5 14. Bxe5 Qxe5 15. O-O Bd6 16. g3 Rfe8 17. Rfd1 Rad8 18. a3 Bc7 19. b4 Bg6 20. c5 h5 21. h4 Rxd1+ 22. Rxd1 f5 23. Bc4+ Bf7 24. Bxf7+ Kxf7 25. Ne2 Rd8 26. Nf4 g6 27. Rxd8 Bxd8 28. Qd2 Qc7 29. Qa2+ Ke8 30. Qg8+ Kd7 31. Qe6# 1-0

[Event "January 2 Early 2024"]
[Site "https://www.chess.com"]
[Date "2024.01.02"]
[Round "5"]
[White "Zavgorodniy, Sergiy"]
[Black "Urbina Perez, Juan Antonio"]
[Result "1-0"]
[Board "134"]
[TimeControl "180+1"]
[WhiteFideId "14110148"]
[BlackFideId "2217368"]
[WhiteElo "2618"]
[BlackElo "2453"]
[WhiteTeam "UKR"]
[BlackTeam "ESP"]
[WhiteClock "0:00:57"]
[BlackClock "0:00:31"]

1. e4 e5 2. Nf3 Nf6 3. Nc3 Nc6 4. h3 d5 5. exd5 Nxd5 6. Bb5 Nxc3 7. bxc3 Bd6 8. O-O O-O 9. d3 Bd7 10. Re1 Re8 11. Rb1 a6 12. Bc4 Na5 13. Bb3 Nxb3 14. axb3 h6 15. c4 Bc6 16. Bb2 Qf6 17. Nd2 Bb4 18. f3 Bxd2 19. Qxd2 Qf5 20. Qf2 Re7 21. Re2 Rae8 22. Rbe1 f6 23. Re3 Qd7 24. Ba3 Re6 25. Kh1 Qd4 26. Qe2 Kf7 27. Rb1 f5 28. Bb2 Qd6 29. Re1 e4 30. fxe4 fxe4 31. d4 Rg6 32. d5 Bd7 33. Rxe4 Rxe4 34. Qxe4 Kg8 35. Be5 Qc5 36. Qxg6 1-0

[Event "January 2 Early 2024"]
[Site "https://www.chess.com"]
[Date "2024.01.02"]
[Round "5"]
[White "Mohammadi, Melika"]
[Black "Povshednyi, Ivan"]
[Result "1-0"]
[Board "135"]
[TimeControl "180+1"]
[WhiteFideId "42529271"]
[BlackFideId "14190907"]
[WhiteElo "2449"]
[BlackElo "2608"]
[WhiteTeam "IRI"]
[BlackTeam "UKR"]
[WhiteClock "0:01:11"]
[BlackClock "0:00:00"]

1. e4 c6 2. d4 d5 3. Nc3 dxe4 4. Nxe4 Nf6 5. Nxf6+ exf6 6. c3 Bd6 7. Bd3 O-O 8. Qc2 Re8+ 9. Ne2 h5 10. Be3 Nd7 11. O-O-O Nf8 12. c4 Be6 13. Nc3 Rc8 14. Kb1 Bb4 15. Ne4 Be7 16. Nc3 Qa5 17. Qa4 Qxa4 18. Nxa4 b6 19. Nc3 Bb4 20. Ne2 Ng6 21. a3 Bd6 22. h3 h4 23. Rhe1 Red8 24. Nc3 Nf4 25. Bf1 Bf5+ 26. Ka1 Ne6 27. Bd3 Bxd3 28. Rxd3 g6 29. Red1 Nf4 30. Bxf4 Bxf4 31. d5 cxd5 32. Nxd5 Rxc4 33. Nxf4 Rxd3 34. Nxd3 Rc2 35. Kb1 Re2 36. Kc1 g5 37. Rd2 Re4 38. Nb4 Kg7 39. Nd5 Kg6 40. Nc3 Re1+ 41. Kc2 Re5 42. Re2 Rc5 43. b4 Rc4 44. Kb3 Rd4 45. Nb5 Rd7 46. Kc3 a6 47. Nd4 Rc7+ 48. Kd3 Rd7 49. Rc2 f5 50. Rc6+ f6 51. Rxb6 Re7 52. Rxa6 Re1 53. b5 Rg1 54. b6 Rxg2 55. b7 Rxf2 56. b8=Q 1-0

[Event "January 2 Early 2024"]
[Site "https://www.chess.com"]
[Date "2024.01.02"]
[Round "5"]
[White "Aaditya Dhingra"]
[Black "Morales Garcia, Sergio Joshafatt"]
[Result "1-0"]
[Board "136"]
[TimeControl "180+1"]
[WhiteFideId "25678191"]
[BlackFideId "5106249"]
[WhiteElo "2599"]
[BlackElo "2441"]
[WhiteTeam "IND"]
[BlackTeam "MEX"]
[WhiteClock "0:01:02"]
[BlackClock "0:00:00"]

1. e4 c5 2. Nf3 e6 3. c3 Nf6 4. e5 Nd5 5. d4 cxd4 6. cxd4 d6 7. Bc4 Nc6 8. O-O Be7 9. a3 O-O 10. Qe2 b6 11. Rd1 Bb7 12. Nbd2 Na5 13. Ba2 Nf4 14. Qe3 Bg5 15. Nxg5 Qxg5 16. g3 Qh5 17. f3 Nd5 18. Qf2 dxe5 19. dxe5 Rfd8 20. Ne4 Qxe5 21. Bg5 f6 22. Bd2 Rac8 23. Bxa5 bxa5 24. Rac1 Rxc1 25. Rxc1 Nb6 26. Nc5 Bd5 27. Re1 Qd6 28. Nb7 Bxb7 29. Rxe6 1-0

[Event "January 2 Early 2024"]
[Site "https://www.chess.com"]
[Date "2024.01.02"]
[Round "5"]
[White "Ambartsumova, Karina"]
[Black "Garrido, Denis"]
[Result "1-0"]
[Board "137"]
[TimeControl "180+1"]
[WhiteFideId "4166299"]
[BlackFideId "601217"]
[WhiteElo "2587"]
[BlackElo "2406"]
[WhiteTeam "RUS"]
[BlackTeam "FRA"]
[WhiteClock "0:00:19"]
[BlackClock "0:00:13"]

1. d4 e6 2. c4 f5 3. Nc3 Bb4 4. g3 Nf6 5. Bg2 O-O 6. Bd2 b6 7. Bxa8 c6 8. Nf3 Na6 9. Bf4 Nc7 10. Bxc7 Qxc7 11. Qa4 a5 12. O-O Ba6 13. Bxc6 dxc6 14. Ne5 Rc8 15. Rac1 Bd6 16. Nf3 Qd8 17. Qb3 c5 18. Nb5 Bb8 19. dxc5 bxc5 20. Rfd1 Qe7 21. Qd3 Bb7 22. Qd2 a4 23. Qa5 g5 24. Nxg5 Ng4 25. Nf3 e5 26. Qb6 e4 27. Nh4 e3 28. f3 Nxh2 29. Nxf5 Qe5 30. Qxb7 Qxf5 31. Kxh2 Bxg3+ 32. Kg2 Bf2 33. Qd5+ Qxd5 34. Rxd5 1-0

[Event "January 2 Early 2024"]
[Site "https://www.chess.com"]
[Date "2024.01.02"]
[Round "5"]
[White "Topalov, Aleksandar"]
[Black "Volkov, Sergei"]
[Result "0-1"]
[Board "138"]
[TimeControl "180+1"]
[WhiteFideId "925659"]
[BlackFideId "4176588"]
[WhiteElo "2400"]
[BlackElo "2547"]
[WhiteTeam "SRB"]
[BlackTeam "RUS"]
[WhiteClock "0:02:04"]
[BlackClock "0:02:05"]

1. b3 d5 2. Bb2 Nf6 3. Nf3 Bf5 4. g3 e6 5. Bg2 h6 6. O-O Nbd7 7. d3 Be7 8. Nbd2 O-O 9. e3 a5 10. a3 Bh7 11. Qe2 c6 12. Kh1 Nc5 13. Ne5 Nfd7 14. Nxd7 Nxd7 15. e4 Bf6 16. e5 Be7 17. f4 c5 18. a4 Nb8 19. g4 Nc6 20. f5 Nd4 21. Nf3 Nxe2 0-1

[Event "January 2 Early 2024"]
[Site "https://www.chess.com"]
[Date "2024.01.02"]
[Round "5"]
[White "Travkina, Anastasia"]
[Black "Ahmad, Khagan"]
[Result "0-1"]
[Board "139"]
[TimeControl "180+1"]
[WhiteFideId "24129151"]
[BlackFideId "13431552"]
[WhiteElo "2399"]
[BlackElo "2538"]
[WhiteTeam "RUS"]
[BlackTeam "AZE"]
[WhiteClock "0:00:28"]
[BlackClock "0:00:24"]

1. e4 d5 2. exd5 Nf6 3. d4 Bg4 4. f3 Bf5 5. g4 Bg6 6. c4 e6 7. g5 Nh5 8. dxe6 fxe6 9. Be3 Be7 10. Bd3 Bxd3 11. Qxd3 Bxg5 12. f4 Bxf4 13. Nf3 O-O 14. Nbd2 Nc6 15. O-O-O Nb4 16. Qe4 Bxe3 17. Qxe3 Nxa2+ 18. Kb1 Nb4 19. Rhg1 Qf6 20. Rg5 h6 21. Re5 Nf4 22. Ne4 Qf7 23. Rg1 Ng2 24. Rxg2 Qxf3 25. Qg1 Qd3+ 0-1

[Event "January 2 Early 2024"]
[Site "https://www.chess.com"]
[Date "2024.01.02"]
[Round "5"]
[White "Parfenov, Viktor N."]
[Black "Fernandez Garcia, Gumersindo"]
[Result "1-0"]
[Board "140"]
[TimeControl "180+1"]
[WhiteFideId "4165969"]
[BlackFideId "24516740"]
[WhiteElo "2535"]
[BlackElo "2375"]
[WhiteTeam "RUS"]
[BlackTeam "ESP"]
[WhiteClock "0:01:34"]
[BlackClock "0:00:13"]

1. d4 Nf6 2. c4 d6 3. Nc3 e5 4. f3 exd4 5. Qxd4 Nc6 6. Qf2 g6 7. e4 Bg7 8. Be3 O-O 9. O-O-O Be6 10. g4 a6 11. h4 h5 12. g5 Nd7 13. f4 Bg4 14. Be2 Bxe2 15. Ngxe2 b5 16. c5 b4 17. Nd5 dxc5 18. Bxc5 Nxc5 19. Qxc5 Qd6 20. Qxd6 cxd6 21. Kb1 Rfd8 22. Rc1 Nd4 23. Nxd4 Bxd4 24. Rhd1 Bf2 25. Rc7 Bxh4 26. Nxb4 Bg3 27. Nd5 h4 28. f5 h3 29. Rc3 Bh4 30. Rxh3 Bxg5 31. Rdh1 gxf5 32. exf5 Kg7 33. Rh7+ Kf8 34. Rh8+ Kg7 35. R1h7# 1-0

[Event "January 2 Early 2024"]
[Site "https://www.chess.com"]
[Date "2024.01.02"]
[Round "5"]
[White "Coro, Lucas"]
[Black "Kleibel, Uwe"]
[Result "0-1"]
[Board "141"]
[TimeControl "180+1"]
[WhiteFideId "147222"]
[BlackFideId "1270982"]
[WhiteElo "2526"]
[BlackElo "2343"]
[WhiteTeam "ARG"]
[BlackTeam "GER"]
[WhiteClock "0:00:00"]
[BlackClock "0:00:16"]

1. e4 e5 2. Nf3 Nc6 3. Bb5 a6 4. Ba4 Nf6 5. O-O Be7 6. Re1 b5 7. Bb3 d6 8. c3 O-O 9. h3 Nb8 10. d4 Nbd7 11. c4 c6 12. Nc3 Qc7 13. Bg5 Re8 14. Rc1 b4 15. Ne2 c5 16. dxe5 Nxe5 17. Nxe5 dxe5 18. Ng3 Be6 19. Qf3 Red8 20. Nf5 a5 21. Ne3 Rd4 22. Bxf6 Bxf6 23. Nd5 Qd8 24. Ba4 Be7 25. a3 Rb8 26. Qe2 Bg5 27. Ra1 Rd2 28. Qf3 Rxb2 29. axb4 axb4 30. Bc6 Rc2 31. Qg3 Bf6 32. Red1 b3 33. Rab1 b2 34. Qa3 Bxd5 35. Bxd5 Qb6 36. g3 Bg5 37. Kg2 Bc1 38. Qf3 Qf6 39. Qxf6 gxf6 40. Kf1 Rb3 41. Kg2 Kf8 42. Bc6 Ra3 43. Bb5 Kg7 0-1

[Event "January 2 Early 2024"]
[Site "https://www.chess.com"]
[Date "2024.01.02"]
[Round "5"]
[White "Ljukin, Sergei"]
[Black "Lira, Suan Bruno Fernandes"]
[Result "0-1"]
[Board "142"]
[TimeControl "180+1"]
[WhiteFideId "14102200"]
[BlackFideId "22794620"]
[WhiteElo "2526"]
[BlackElo "2344"]
[WhiteTeam "UKR"]
[BlackTeam "BRA"]
[WhiteClock "0:00:59"]
[BlackClock "0:00:43"]

1. e4 c6 2. d4 d5 3. e5 Bf5 4. Nd2 e6 5. Nb3 Nd7 6. Nf3 a6 7. Be2 c5 8. dxc5 Nxc5 9. O-O Nxb3 10. axb3 Ne7 11. b4 Nc6 12. b5 axb5 13. Rxa8 Qxa8 14. Bxb5 Bc5 15. Nd4 Bxd4 16. Qxd4 O-O 17. Bxc6 bxc6 18. c3 Qa2 19. g4 Be4 20. f3 Bg6 21. f4 Be4 22. f5 Qb1 23. f6 Qc2 24. Qf2 Qxf2+ 25. Rxf2 c5 26. Be3 c4 27. Bc5 Ra8 28. Ba3 gxf6 29. exf6 h6 30. h4 Kh7 31. h5 Rg8 32. Rf4 Bf5 33. Kf2 Bxg4 34. Ke3 Bxh5 35. Rf1 Rg3+ 36. Kd4 Rf3 37. Rxf3 Bxf3 38. Ke5 Kg6 39. Kf4 Be2 40. Be7 h5 41. Ke3 Bd3 42. Kf4 Bc2 43. Bd8 Bf5 44. Be7 h4 0-1

[Event "January 2 Early 2024"]
[Site "https://www.chess.com"]
[Date "2024.01.02"]
[Round "5"]
[White "Gao, Raymond"]
[Black "Jaiveer Mahendru"]
[Result "1/2-1/2"]
[Board "143"]
[TimeControl "180+1"]
[WhiteFideId "2629429"]
[BlackFideId "25611151"]
[WhiteElo "2339"]
[BlackElo "2524"]
[WhiteTeam "CAN"]
[BlackTeam "IND"]
[WhiteClock "0:00:08"]
[BlackClock "0:00:05"]

1. e4 c5 2. Nf3 d6 3. d4 cxd4 4. Qxd4 Nc6 5. Qe3 Nf6 6. h3 g6 7. c4 Bg7 8. Be2 O-O 9. Nc3 Be6 10. O-O Nd7 11. b3 Nc5 12. Bb2 Rc8 13. Rac1 a6 14. Rfd1 Qa5 15. Qd2 Rfd8 16. Qc2 Nb4 17. Qb1 Nc6 18. Qc2 Qb6 19. Bf1 Bh6 20. Rb1 Bg7 21. Rbc1 Qa7 22. Nd5 Bxb2 23. Qxb2 Nd7 24. Nd4 Nde5 25. Nxe6 fxe6 26. Nf4 Rf8 27. Nxe6 Rf6 28. Nd4 Rcf8 29. Rc2 Rf4 30. Nxc6 bxc6 31. Qd4 Qxd4 32. Rxd4 c5 33. Rdd2 Rxe4 34. Re2 Rd4 35. Rcd2 Nc6 36. Rxd4 cxd4 37. g3 e5 38. Bg2 Nb4 39. a3 Nd3 40. b4 Kg7 41. Be4 Nc1 42. Rb2 Rc8 43. Rc2 Nb3 44. Rb2 Nc1 45. Rc2 Nb3 46. Rb2 Nc1 1/2-1/2

[Event "January 2 Early 2024"]
[Site "https://www.chess.com"]
[Date "2024.01.02"]
[Round "5"]
[White "Dushyant Sharma"]
[Black "Nord, Alexander"]
[Result "0-1"]
[Board "144"]
[TimeControl "180+1"]
[WhiteFideId "25065130"]
[BlackFideId "1738135"]
[WhiteElo "2522"]
[BlackElo "2337"]
[WhiteTeam "IND"]
[BlackTeam "SWE"]
[WhiteClock "0:01:15"]
[BlackClock "0:00:50"]

1. e4 c5 2. Nf3 Nc6 3. d4 cxd4 4. Nxd4 Nf6 5. Nc3 e5 6. Nxc6 bxc6 7. Bd3 Be7 8. O-O O-O 9. f4 d6 10. Kh1 Rb8 11. Qe1 exf4 12. Rxf4 Nd7 13. b3 Bg5 14. Rf3 Bxc1 15. Rxc1 Ne5 16. Rg3 Qf6 17. Ne2 Re8 18. Qd2 Ng4 19. h3 Ne5 20. Nf4 Qh6 21. Qf2 Ng6 22. Nxg6 Qxc1+ 23. Kh2 hxg6 24. Qxa7 Be6 25. Rf3 Qb2 26. a4 Qe5+ 27. Kh1 d5 28. exd5 Bxd5 29. Rf1 Qe3 30. Qxe3 Rxe3 31. a5 Bxb3 32. a6 Bd5 33. Kh2 Ra8 34. Rb1 Rxd3 35. cxd3 Rxa6 36. Kg3 Ra2 37. d4 Rxg2+ 38. Kf4 Rd2 39. Kg5 Rxd4 40. h4 Kh7 41. Rf1 f6+ 42. Rxf6 gxf6+ 43. Kxf6 Rxh4 44. Ke5 Re4+ 45. Kf6 c5 46. Kg5 c4 47. Kf6 c3 48. Kg5 c2 49. Kf6 g5 50. Kf5 Rf4+ 51. Kxg5 c1=Q 52. Kh5 Qh1+ 0-1

[Event "January 2 Early 2024"]
[Site "https://www.chess.com"]
[Date "2024.01.02"]
[Round "5"]
[White "Yashmetov, Mikhail"]
[Black "Korol, Dimitry"]
[Result "1-0"]
[Board "145"]
[TimeControl "180+1"]
[WhiteFideId "24198900"]
[BlackFideId "14108003"]
[WhiteElo "2521"]
[BlackElo "2324"]
[WhiteTeam "RUS"]
[BlackTeam "UKR"]
[WhiteClock "0:00:32"]
[BlackClock "0:00:01"]

1. Nf3 c5 2. b3 g6 3. Bb2 Nf6 4. h4 Bg7 5. g4 O-O 6. g5 Nh5 7. Bxg7 Nxg7 8. e3 Nc6 9. Bb5 d5 10. Nc3 Bg4 11. Rg1 Bh5 12. Be2 Qd7 13. d4 Rac8 14. dxc5 Rfd8 15. Nd4 e5 16. Nxc6 Qxc6 17. b4 b6 18. Bxh5 Nxh5 19. Qf3 bxc5 20. b5 Qd6 21. O-O-O c4 22. Rxd5 Qb4 23. Rgd1 Rxd5 24. Nxd5 Qa3+ 25. Kd2 c3+ 26. Ke1 Qc5 27. Qe4 Re8 28. Qb4 Qxb4 29. Nxb4 Rb8 30. a4 Ng7 31. Nc6 Re8 32. Nxa7 e4 33. b6 Rb8 34. a5 Ne6 35. Nc6 Rc8 36. b7 Rxc6 37. b8=Q+ Kg7 38. Qe5+ Kg8 39. Qxe4 Rc5 40. a6 Ra5 41. Qb7 1-0

[Event "January 2 Early 2024"]
[Site "https://www.chess.com"]
[Date "2024.01.02"]
[Round "5"]
[White "Szente Varga, Fruzsina"]
[Black "Kabanov, Nikolai"]
[Result "1-0"]
[Board "146"]
[TimeControl "180+1"]
[WhiteFideId "712264"]
[BlackFideId "4127820"]
[WhiteElo "2278"]
[BlackElo "2511"]
[WhiteTeam "HUN"]
[BlackTeam "RUS"]
[WhiteClock "0:00:26"]
[BlackClock "0:00:03"]

1. e4 c6 2. d4 d5 3. Nc3 dxe4 4. Nxe4 Nf6 5. Nxf6+ exf6 6. c3 Bd6 7. Bd3 Na6 8. Qc2 h5 9. Ne2 Nc7 10. O-O Nd5 11. a3 h4 12. h3 Bc7 13. Re1 O-O 14. c4 Ne7 15. Be3 g5 16. Rad1 Kg7 17. d5 cxd5 18. Qc3 Qd6 19. f4 Re8 20. c5 Qd8 21. fxg5 Be5 22. gxf6+ Bxf6 23. Bh6+ Kxh6 24. Qxf6+ Ng6 25. Qxf7 Rg8 26. Nf4 Nxf4 27. Qxf4+ Qg5 28. Qd6+ Kg7 29. Re7+ Kf8 30. Rf1+ 1-0

[Event "January 2 Early 2024"]
[Site "https://www.chess.com"]
[Date "2024.01.02"]
[Round "5"]
[White "Lehtosaari, Mauri"]
[Black "Munoz Sanchez, Miguel"]
[Result "1-0"]
[Board "147"]
[TimeControl "180+1"]
[WhiteFideId "501999"]
[BlackFideId "3600734"]
[WhiteElo "2506"]
[BlackElo "2311"]
[WhiteTeam "FIN"]
[BlackTeam "ECU"]
[WhiteClock "0:00:16"]
[BlackClock "0:00:00"]

1. d4 Nf6 2. c4 g6 3. Nc3 Bg7 4. Nf3 O-O 5. Bg5 d6 6. e3 c5 7. Be2 h6 8. Bh4 cxd4 9. Nxd4 Nc6 10. O-O Bd7 11. Rc1 Rc8 12. b3 Qa5 13. Bxf6 exf6 14. Nxc6 Bxc6 15. Bf3 f5 16. Nd5 Rfe8 17. a4 Qd8 18. g3 h5 19. h4 Bxd5 20. Bxd5 Qb6 21. Qd3 Re7 22. Rfd1 Rce8 23. Kg2 Bh6 24. Re1 Qc5 25. Rcd1 Kg7 26. Qd4+ Kg8 27. Bf3 Qb4 28. Qd3 Bg7 29. Re2 Be5 30. Bd5 Rc7 31. Rb1 a5 32. Qd2 Kg7 33. Qxb4 axb4 34. Rd1 Ra8 35. f4 Bf6 36. Bf3 Be7 37. Red2 Ra5 38. Rd5 Rxd5 39. Bxd5 b6 40. Ra1 Rc5 41. Kf3 Kf6 42. Bb7 Bd8 43. Rd1 Bc7 44. e4 fxe4+ 45. Bxe4 Ke7 46. Bd5 Kf6 47. Re1 Bd8 48. Re8 Be7 49. Rh8 Kg7 50. Rb8 Bf6 51. Rxb6 1-0

[Event "January 2 Early 2024"]
[Site "https://www.chess.com"]
[Date "2024.01.02"]
[Round "5"]
[White "Sanchez Alvares, Kelvin Antonio"]
[Black "Harper, Ryan"]
[Result "1-0"]
[Board "148"]
[TimeControl "180+1"]
[WhiteFideId "3906680"]
[BlackFideId "7700156"]
[WhiteElo "2463"]
[BlackElo "2227"]
[WhiteTeam "VEN"]
[BlackTeam "TTO"]
[WhiteClock "0:01:28"]
[BlackClock "0:00:00"]

1. e4 c5 2. Nf3 d6 3. d4 cxd4 4. Nxd4 Nf6 5. Nc3 g6 6. f3 Bg7 7. Bc4 O-O 8. Bb3 Nc6 9. h4 Nxe4 10. Nxc6 Nxc3 11. Nxd8 Nxd1 12. Nxf7 Nxb2 13. Rb1 Nc4 14. Bxc4 d5 15. Nh6+ Kh8 16. Bxd5 Bc3+ 17. Ke2 e6 18. Bc4 a6 19. Ng4 b5 20. Bd3 Bb7 21. Be3 Rad8 22. Nf2 Bg7 23. h5 e5 24. hxg6 1-0

[Event "January 2 Early 2024"]
[Site "https://www.chess.com"]
[Date "2024.01.02"]
[Round "5"]
[White "Popov, Konstantin"]
[Black "Diaz, Fernando"]
[Result "1-0"]
[Board "149"]
[TimeControl "180+1"]
[WhiteFideId "34137910"]
[BlackFideId "3701255"]
[WhiteElo "2907"]
[BlackElo "2295"]
[WhiteTeam "FID"]
[BlackTeam "PAR"]
[WhiteClock "0:01:45"]
[BlackClock "0:00:00"]

1. e4 e6 2. d4 d5 3. Nc3 Bb4 4. e5 c5 5. a3 Bxc3+ 6. bxc3 Ne7 7. Qg4 Qc7 8. Bd3 O-O 9. Nf3 f6 10. exf6 Rxf6 11. Qh5 g6 12. Qh4 Rf7 13. Bg5 Nf5 14. Bxf5 Rxf5 15. O-O Nc6 16. Rfe1 Bd7 17. dxc5 e5 18. Rad1 Be6 19. Be3 1-0

[Event "January 2 Early 2024"]
[Site "https://www.chess.com"]
[Date "2024.01.02"]
[Round "5"]
[White "Golubev, Mikhail"]
[Black "Martin, Lewis"]
[Result "1-0"]
[Board "150"]
[TimeControl "180+1"]
[WhiteFideId "14100983"]
[BlackFideId "410551"]
[WhiteElo "2600"]
[BlackElo "2294"]
[WhiteTeam "UKR"]
[BlackTeam "ENG"]
[WhiteClock "0:01:11"]
[BlackClock "0:01:28"]

1. e4 c6 2. Nf3 d5 3. Nc3 dxe4 4. Nxe4 Bg4 5. h3 Bxf3 6. Qxf3 Nd7 7. d4 e6 8. Bf4 Ngf6 9. Nd6+ Bxd6 10. Bxd6 Qa5+ 11. b4 Qd5 12. Qxd5 exd5 13. Bd3 O-O-O 14. O-O-O g6 15. Rhe1 Rde8 16. a4 Ne4 17. Bxe4 dxe4 18. d5 cxd5 19. Rxd5 Nb6 20. Rc5+ Kd7 21. Rd1 Rc8 22. Be5+ Ke6 23. Bxh8 Rxh8 24. a5 Nd7 25. Rc7 1-0

[Event "January 2 Early 2024"]
[Site "https://www.chess.com"]
[Date "2024.01.02"]
[Round "5"]
[White "Cardozo Munar, Carlos Eduardo"]
[Black "Chitre Arush"]
[Result "0-1"]
[Board "151"]
[TimeControl "180+1"]
[WhiteFideId "4409477"]
[BlackFideId "25959026"]
[WhiteElo "2285"]
[BlackElo "2594"]
[WhiteTeam "COL"]
[BlackTeam "IND"]
[WhiteClock "0:00:04"]
[BlackClock "0:00:09"]

1. d4 Nf6 2. Bg5 c5 3. d5 Ne4 4. h4 Nxg5 5. hxg5 Qb6 6. Nd2 Qxb2 7. e4 g6 8. Rb1 Qc3 9. Rb3 Qa5 10. Qa1 Rg8 11. Rxh7 Qc7 12. Ngf3 d6 13. Qb2 Nd7 14. a4 b6 15. Nc4 Rb8 16. e5 dxe5 17. Ncxe5 Nxe5 18. Nxe5 Bg7 19. Bb5+ Kf8 20. f4 a6 21. Bd3 Bxe5 22. fxe5 c4 23. Rc3 Qxe5+ 24. Kf1 Qf4+ 25. Kg1 cxd3 26. Qxb6 Bf5 27. Qf2 Rb1+ 28. Qf1 Rxf1# 0-1

[Event "January 2 Early 2024"]
[Site "https://www.chess.com"]
[Date "2024.01.02"]
[Round "5"]
[White "Onslow, Alfie"]
[Black "Khamdamova, Afruza"]
[Result "1-0"]
[Board "152"]
[TimeControl "180+1"]
[WhiteFideId "436976"]
[BlackFideId "14210444"]
[WhiteElo "2280"]
[BlackElo "2546"]
[WhiteTeam "ENG"]
[BlackTeam "UZB"]
[WhiteClock "0:00:48"]
[BlackClock "0:00:00"]

1. e4 e5 2. Bc4 Nf6 3. d3 Nc6 4. Nc3 Bc5 5. f4 d6 6. f5 Na5 7. Nf3 Nxc4 8. dxc4 h6 9. Qe2 Bd7 10. a3 Qe7 11. Be3 Bxe3 12. Qxe3 a6 13. O-O-O b5 14. Nd5 Nxd5 15. cxd5 a5 16. g4 f6 17. Nh4 Qd8 18. Ng6 Rg8 19. h4 b4 20. Rdg1 Qb8 21. g5 hxg5 22. hxg5 Qa7 23. Qxa7 Rxa7 24. gxf6 gxf6 25. Rh7 Kd8 26. Rgh1 Be8 27. Rh8 Rxh8 28. Rxh8 c6 29. dxc6 Rc7 30. Nf8 Rxc6 31. Ne6+ Ke7 32. Rh7+ Bf7 33. Rxf7+ Ke8 34. Rxf6 bxa3 35. bxa3 Rc4 36. Ng5 Rd4 37. Re6+ 1-0

[Event "January 2 Early 2024"]
[Site "https://www.chess.com"]
[Date "2024.01.02"]
[Round "5"]
[White "Minina, Veronika"]
[Black "Petre, Nad-Titus"]
[Result "1-0"]
[Board "154"]
[TimeControl "180+1"]
[WhiteFideId "4174780"]
[BlackFideId "1204165"]
[WhiteElo "2276"]
[BlackElo "2520"]
[WhiteTeam "RUS"]
[BlackTeam "ROU"]
[WhiteClock "0:00:13"]
[BlackClock "0:00:11"]

1. Nf3 Nf6 2. g3 b6 3. Bg2 Bb7 4. O-O c5 5. c4 g6 6. Nc3 Bg7 7. d4 cxd4 8. Nxd4 Bxg2 9. Kxg2 Qc7 10. b3 O-O 11. Bb2 Nc6 12. e3 Rfd8 13. Rc1 Qb7 14. Kg1 Rac8 15. Qf3 Qa8 16. Rfd1 Nxd4 17. Qxa8 Rxa8 18. exd4 Rac8 19. d5 Ne4 20. Rc2 Bxc3 21. Bxc3 b5 22. Ba5 Re8 23. f3 Nd6 24. Rdc1 a6 25. c5 Nf5 26. c6 d6 27. c7 Nd4 28. Rc3 Ne2+ 29. Kf2 Nxc1 30. Rxc1 e6 31. Rc6 exd5 32. Rxd6 Kg7 33. Rxd5 Kf6 34. Rd6+ Ke5 35. Rxa6 Kd4 36. Rd6+ Kc5 37. Rf6 Re7 38. a3 Kd4 39. Rd6+ Ke5 40. Rd3 Rexc7 41. Bxc7+ Rxc7 42. f4+ Ke6 43. Kf3 Rc2 44. Re3+ Kd5 45. Rd3+ Kc6 46. h3 Ra2 47. b4 h5 48. Rc3+ Kb6 49. g4 h4 50. g5 Rh2 51. Kg4 Rg2+ 52. Kxh4 Rg1 53. Rd3 Kc6 54. Rc3+ Kb6 55. Re3 Rf1 56. Kg4 Rg1+ 57. Kf3 Ra1 58. Ke4 Kc6 59. Ke5 Kd7 60. Kf6 Rf1 61. Rd3+ Ke8 62. Re3+ Kf8 63. Re4 Rc1 64. Rd4 Rc6+ 65. Ke5 Ra6 66. Rd3 Re6+ 67. Kd5 Ke7 68. Kc5 Re4 69. Kxb5 Rxf4 70. Ka6 Rf5 71. b5 Rxg5 72. b6 f5 73. b7 1-0